 Dungeon Crawl Stone Soup version 0.30-a0-331-g8ab09dc110 (webtiles) character file.

Game seed: 16372625999377500410

41 hikkokomori the Digger (level 3, -5/26 HPs)
             Began as a Demigod Earth Elementalist on Oct 30, 2022.
             Slain by Sigmund
             ... wielding a +0 scythe
              (9 damage)
             ... on level 3 of the Dungeon.
             The game lasted 00:02:29 (1548 turns).

hikkokomori the Digger (Demigod Earth Elementalist) Turns: 1548, Time: 00:02:30

Health: -5/26      AC:  2    Str:  9    XL:     3   Next: 16%
Magic:  7/9        EV: 12    Int: 21    God:
Gold:   91         SH:  0    Dex: 14    Spells: 5/6 levels left

rFire   . . .      SeeInvis .    d - +0 dagger (protect)
rCold   . . .      Faith    .    (no shield)
rNeg    . . .      Spirit   .    a - +0 robe
rPois   .          Reflect  .    (no helmet)
rElec   .          Harm     .    (no cloak)
rCorr   .          Rampage  .    (no gloves)
Will    .....                    (no boots)
Stlth   ++........               (no amulet)
HPRegen 0.24/turn                (no ring)
MPRegen 0.11/turn                (no ring)

@: about to teleport
A: high MP 1, forlorn, divine attributes
a: no special abilities


You were on level 3 of the Dungeon.
You visited 1 branch of the dungeon, and saw 3 of its levels.

You collected 91 gold pieces.

Inventory:

Hand Weapons
 d - a +0 dagger of protection (weapon)
Armour
 a - a +0 robe (worn)
Scrolls
 c - a scroll of poison
 e - a scroll of identify {unknown}
 f - a scroll of immolation {unknown}
 g - a scroll of magic mapping
 h - a scroll of teleportation
 o - 2 scrolls of vulnerability {unknown}
 p - a scroll of silence {unknown}
Potions
 b - a potion of magic
 i - 2 potions of curing {unknown}
 j - a potion of ambrosia {unknown}
 k - a potion of flight {unknown}
 l - a potion of heal wounds {unknown}
 m - 3 potions of might {unknown}
 n - a potion of degeneration {unknown}


   Skills:
 - Level 1.7 Dodging
 - Level 1.7 Stealth
 + Level 2.3 Spellcasting
 + Level 1.7 Transmutations
 + Level 3.2 Earth Magic


You had 5 spell levels left.
You knew the following spells:

 Your Spells              Type           Power      Damage    Failure   Level
a - Sandblast             Erth           32%        2d9       3%          1

Your spell library contained the following spells:

 Spells                   Type           Power      Damage    Failure   Level
 Passwall                 Tmut/Erth      10%        N/A       8%          2
 Stone Arrow              Conj/Erth      18%        3d8       22%         3
 Petrify                  Tmut/Erth      12%        N/A       45%         4


Dungeon Overview and Level Annotations

Branches:
Dungeon (3/15)

Annotations:
D:3 Sigmund


Innate Abilities, Weirdness & Mutations

You have an increased reservoir of magic. (+10% MP)
You shall have no god before yourself.
Your divine heritage dramatically boosts your attributes as you level up.


Message History

No target in view!
No target in view!
An endoplasm is nearby!
The blast of sand hits the endoplasm!
You kill the endoplasm!
p - a scroll labelled PUIRIK IZOM Sigmund the Dreaded comes into view.
He is wielding a +0 scythe.
Sigmund's eyes start glowing with a red light.
Sigmund is nearby!
Sigmund is nearby!
Sigmund is nearby!
Aiming: Sandblast (safe; 3% risk of failure)
Press: ? - help, Q - select action Shift-Dir - straight line, f - Sigmund
Aim: Sigmund, wielding a +0 scythe and wearing a +0 robe (80% to hit)
The blast of sand hits Sigmund!
Sigmund is moderately wounded.
Sigmund hits you from afar with a +0 scythe!
Aiming: Sandblast (safe; 3% risk of failure)
Press: ? - help, Q - select action Shift-Dir - straight line, f/p - Sigmund
Aim: Sigmund, wielding a +0 scythe and wearing a +0 robe (moderately wounded, 80% to hit)
The blast of sand hits Sigmund but does no damage.
Sigmund is moderately wounded.
Sigmund gestures wildly while chanting.
Sigmund flickers and vanishes!
Deactivating autopickup; reactivate with Ctrl-A.
Unknown command.
Aiming: Sandblast (safe; 3% risk of failure)
Press: ? - help, Q - select action Shift-Dir - straight line, f - you That would be overly suicidal.
Okay, then.
Unknown command.
Aiming: Sandblast (safe; 3% risk of failure)
Press: ? - help, Q - select action Shift-Dir - straight line The blast of sand hits something!
Something hits you!
* * * LOW HITPOINT WARNING * * *
Unknown command.
As you read the scroll of teleportation, it crumbles to dust.
You feel strangely unstable. Something hits you!
You die...

#########
#..@....#
####.#####.#
#....#####.#
#........#.#
##....###.#.# .
#......##.#.#...#
#.#.#............
#.#.#.^.^.#.#...#
# #.#.^_^.#.# ..


There were no monsters in sight!

Vanquished Creatures
  A worm (D:2)
  A dart slug (D:1)
  6 endoplasms
  8 goblins
  3 hobgoblins
  2 kobolds
  A quokka (D:2)
  2 ball pythons (D:1)
  2 bats (D:1)
  6 rats
32 creatures vanquished.

Notes
Turn   | Place    | Note
-------+----------+-------------------------------------------
     0 | D:1      | hikkokomori the Demigod Earth Elementalist began the quest
                  | for the Orb.
     0 | D:1      | Reached XP level 1. HP: 14/14 MP: 5/5
    79 | D:1      | Reached skill level 1 in Transmutations
   266 | D:1      | Reached XP level 2. HP: 14/20 MP: 7/7
   314 | D:1      | Reached skill level 3 in Earth Magic
   954 | D:2      | Reached XP level 3. HP: 26/26 MP: 7/9
  1541 | D:3      | Noticed Sigmund
  1548 | D:3      | Slain by Sigmund

Illustrated notes

Levels and vault maps discovered:
D:1:      amcnicky_arrival_double_pillar, layout_loops_ring,
          corexii_item_surrounded_by_moat
D:2:      layout_loops_ring, grunt_ministairs_1
D:3:      layout_loops_corners, xom_teletrap_fun,
          mainiacjoe_overflow_six_doors_small, minmay_liquid_box, uniq_sigmund,
          uniq_crazy_yiuf_cottage, uniq_grinder

Skill      XL: |  1  2 |
---------------+-------+-----
Transmutations | 1 |  1.7
Spellcasting   | 2 |  2.3
Earth Magic    | 3 |  3.2
Dodging        | |  1.7
Stealth        | |  1.7

Action                   || total
-------------------------++-------
Melee: Dagger            ||    53
 Cast: Sandblast         ||    25
  Use: Scroll            ||     4
 Stab: Sleeping          ||     4
Armor: Robe              ||    21
Dodge: Dodged            ||    42

Table legend: (Time is in decaauts)
 A = Elapsed time spent in this place.
 B = Non-inter-level travel time spent in this place.
 C = Inter-level travel time spent in this place.
 D = Time resting spent in this place.
 E = Time spent auto-exploring this place.
 F = Levels seen in this place.
 G = Mean time per level.
                   A        B        C        D        E       F      G
               +--------+--------+--------+--------+--------+-----+--------+
         Total |   1559 |   1516 |     43 |      3 |   1290 |   3 |  519.7 |
       Dungeon |   1559 |   1516 |     43 |      3 |   1290 |   3 |  519.7 |
               +--------+--------+--------+--------+--------+-----+--------+

Top non-repeatable levels by time:
     D:1: 804 daAuts
     D:2: 665 daAuts
     D:3: 90 daAuts
